Map: [ESL] Oceanborn

Players

Cyan - Winner!

  • Race: Protoss Protoss
  • Spawn Location: 11:00

SCV

  • Race: Protoss Protoss
  • Spawn Location: 5:00

Event: ESL SC2 Masters 2023 Winter (Regional)

VOD

Have the link to the VOD?

Description

Time

  • Played on: Nov. 2, 2023, 9:08 a.m.
  • Length: 7:50

All games in this series

Show
View Real Time Build Order
Export as new Build Order

Cyan Protoss - Winner!

Build Orders: Proxy Void Ray 

Get SALT Encoding   

  12  0:00  Probe  
  13  0:12  Probe  
  14  0:17  Pylon  
  14  0:24  Probe (Chrono Boost)  
  15  0:36  Probe (Chrono Boost)  
  15  0:37  Gateway  
  16  0:45  Probe (Chrono Boost)  
  16  0:46  Assimilator  
  17  0:51  Probe  
  18  1:03  Probe (Chrono Boost)  
  19  1:10  Assimilator  
  19  1:11  Pylon  
  19  1:15  Probe (Chrono Boost)  
  20  1:21  Probe (Chrono Boost)  
  21  1:26  Cybernetics Core  
  21  1:29  Probe  
  24  1:32  Zealot  
  24  1:41  Probe  
  25  1:53  Probe  
  26  2:01  Adept (Chrono Boost)  
  26  2:06  Stargate  
  28  2:14  Warp Gate  
  28  2:27  Nexus  
  28  2:34  Stalker  
  29  2:40  Pylon  
  29  2:46  Shield Battery  
  33  3:08  Void Ray (Chrono Boost)  
  33  3:10  Shield Battery  
  33  3:21  Robotics Facility  
  33  3:27  Probe  
  35  3:41  Probe  
  35  3:47  Void Ray (Chrono Boost)  
  39  3:52  Shield Battery, Probe  
  41  4:04  Zealot  
  41  4:08  Immortal (Chrono Boost)  
  46  4:17  Shield Battery  
  46  4:23  Probe x2  
  48  4:34  Pylon  
  48  4:42  Immortal (Chrono Boost)  
  48  4:45  Probe  
  53  4:47  Probe  
  57  5:05  Zealot  
  60  5:08  Void Ray (Chrono Boost)  
  60  5:12  Cybernetics Core  
  60  5:16  Pylon  
  60  5:27  Immortal (Chrono Boost)  
  52  5:35  Zealot  
  58  5:52  Void Ray  
  58  5:58  Shield Battery  
  58  6:04  Immortal (Chrono Boost)  
  58  6:08  Sentry  
  58  6:12  Probe x2  
  58  6:19  Shield Battery  
  58  6:25  Probe  
  59  6:32  Immortal (Chrono Boost)  
Show
View Real Time Build Order
Export as new Build Order

SCV Protoss 

Build Orders: Blink Stalkers 

Get SALT Encoding   

  12  0:00  Probe  
  13  0:12  Probe  
  14  0:17  Pylon  
  14  0:24  Probe (Chrono Boost)  
  15  0:36  Probe (Chrono Boost)  
  15  0:37  Gateway  
  16  0:45  Probe (Chrono Boost)  
  16  0:46  Assimilator  
  17  0:51  Probe  
  18  1:03  Probe (Chrono Boost)  
  19  1:04  Assimilator  
  19  1:11  Gateway  
  19  1:15  Probe (Chrono Boost)  
  20  1:21  Probe (Chrono Boost)  
  21  1:26  Cybernetics Core  
  21  1:29  Probe  
  22  1:35  Pylon  
  22  1:41  Probe  
  23  1:53  Pylon, Probe  
  24  2:03  Stalker x2  
  24  2:05  Warp Gate  
  28  2:12  Pylon  
  28  2:26  Twilight Council  
  27  2:42  Stalker x2  
  31  2:51  Shield Battery  
  31  3:02  Blink (Chrono Boost)  
  31  3:04  Probe  
  32  3:09  Shield Battery  
  32  3:18  Gateway  
  32  3:35  Pylon  
  32  3:41  Pylon  
  32  3:53  Stalker x2  
  36  3:59  Gateway  
  36  4:04  Pylon  
  36  4:14  Stalker  
  38  4:17  Stalker x2  
  41  4:30  Pylon  
  41  4:37  Stalker  
  43  4:41  Stalker  
  43  4:43  Stalker  
  47  4:53  Stalker  
  49  5:06  Stalker  
  51  5:09  Stalker  
  39  5:30  Stalker x2  
  39  5:34  Stalker  
  43  5:41  Stalker  
  45  5:54  Stalker  
  37  6:13  Stalker x2  
  37  6:14  Stalker  
  43  6:22  Stalker  
Tags
 
Add a new tag
Caveats
  • Supply blocks, unpowered buildings, or Contaminate may cause inaccurate times.
  • Supply counts are checked every 10 seconds.